 Dungeon Crawl Stone Soup version 0.31-a0-667-g39726597b9 (webtiles) character file.

Game seed: 13138770632168208274

23409 greenreed the Jinx (level 12, 0/51 HPs)
             Began as a Spriggan Enchanter on Sept 3, 2023.
             Was an Elder of Nemelex Xobeh.
             Slain by a troll (11 damage)
             ... on level 12 of the Dungeon.
             The game lasted 00:53:21 (15039 turns).

greenreed the Jinx (Spriggan Enchanter)            Turns: 15039, Time: 00:53:23

Health: 0/51       AC:  9    Str:  4    XL:     12   Next: 71%
Magic:  26/30      EV: 26    Int: 22    God:    Nemelex Xobeh [****..]
Gold:   500        SH:  0    Dex: 21    Spells: 22/37 levels left

rFire   + . .        O - +3 short sword (freeze)
rCold   + . .        (no shield)
rNeg    . . .        H - +2 steam dragon scales
rPois   +            W - +2 hat {Will+}
rElec   .            m - scarf {rC+ rF+}
rCorr   .            (gloves unavailable)
SInv    +            (boots unavailable)
Will    +++..        w - amulet of magic regeneration
Stlth   +++          b - +6 ring of intelligence
HPRegen 0.28/turn    B - ring of poison resistance
MPRegen 0.62/turn

%: no passive effects
@: very quick
A: very small, no large weapons, unfitting armour, see invisible, speed 3
a: Renounce Religion, Draw Escape, Draw Destruction, Draw Summoning, Triple
Draw, Deal Four


You were on level 12 of the Dungeon.
You worshipped Nemelex Xobeh.
Nemelex Xobeh was greatly pleased with you.
You visited 2 branches of the dungeon, and saw 13 of its levels.

You collected 979 gold pieces.
You spent 479 gold pieces at shops.

Inventory:

Hand Weapons
 a - a +1 dagger
 e - a +0 dagger of venom
 O - a +3 short sword of freezing (weapon)
 S - a +2 demon blade of venom
Missiles
 M - 5 throwing nets
Armour
 m - a scarf of resistance (worn)
 H - +2 steam dragon scales (worn)
 T - the +0 robe of Demons {Dex-5 Slay+5}
   (You found it on level 11 of the Dungeon)

   Dex-5:     It affects your dexterity (-5).
   Slay+5:    It affects your accuracy & damage with ranged weapons and melee
   (+5).
 W - a +2 hat of willpower (worn)
Magical Staves
 P - a staff of cold
 V - a staff of fire
Jewellery
 b - a +6 ring of intelligence (left hand)
 l - a +6 ring of intelligence
 q - a ring of positive energy
 w - an amulet of magic regeneration (around neck)
 B - a ring of poison resistance (right hand)
 C - an amulet of the acrobat
 D - an amulet of faith
 I - an amulet of regeneration
 K - a +5 ring of evasion
 U - a ring of willpower
Wands
 r - a wand of digging (13)
 v - a wand of paralysis (17)
 x - a wand of flame (31)
 E - a wand of mindburst (14)
 N - a wand of iceblast (3)
Scrolls
 d - 4 scrolls of amnesia {unknown}
 f - 13 scrolls of identify {unknown}
 g - 9 scrolls of teleportation {unknown}
 h - a scroll of fog {unknown}
 t - 4 scrolls of noise {unknown}
 y - 2 scrolls of blinking {unknown}
 A - 2 scrolls of enchant weapon {unknown}
 F - 2 scrolls of butterflies {unknown}
 G - 4 scrolls of enchant armour {unknown}
 J - a scroll of vulnerability {unknown}
 R - a scroll of fear {unknown}
Potions
 c - 4 potions of invisibility
 i - 4 potions of brilliance {unknown}
 j - a potion of enlightenment {unknown}
 k - a potion of magic {unknown}
 n - a potion of heal wounds {unknown}
 o - 3 potions of might {unknown}
 p - 3 potions of mutation {unknown}
 s - 4 potions of curing {unknown}
 u - a potion of lignification {unknown}
 z - 3 potions of attraction {unknown}
 L - a potion of haste {unknown}
 Q - a potion of berserk rage {unknown}


   Skills:
 * Level 12.0 Short Blades
 + Level 10.7 Dodging
 - Level 4.5 Stealth
 * Level 13.3 Spellcasting
 * Level 13.4 Hexes
 + Level 6.8 Invocations


You had 22 spell levels left.
You knew the following spells:

 Your Spells              Type           Power      Damage    Failure   Level
a - Ensorcelled Hibernat  Hex/Ice        88%        N/A       1%          2
b - Confusing Touch       Hex            65%        N/A       1%          3
c - Tukima's Dance        Hex            65%        N/A       1%          3
d - Dazzling Flash        Conj/Hex       88%        N/A       1%          3
e - Anguish               Hex/Necr       22%        N/A       2%          4

Your spell library contained the following spells:

 Spells                   Type           Power      Damage    Failure   Level
 Inner Flame              Hex/Fire       44%        N/A       1%          3
 Cause Fear               Hex            32%        N/A       1%          4
 Blink                    Tloc           28%        N/A       6%          2
 Lesser Beckoning         Tloc           28%        N/A       6%          2
 Momentum Strike          Conj/Tloc      28%        3d8       6%          2
 Scorch                   Fire           28%        2d6       6%          2
 Enfeeble                 Hex            32%        N/A       14%         7
 Flame Wave               Conj/Fire      14%        2d6       38%         4
 Sticky Flame             Conj/Fire      14%        2d4       38%         4
 Summon Cactus Giant      Summ           7%         N/A       100%        6
 Malign Gateway           Summ/Tloc      7%         N/A       100%        7
 Summon Horrible Things   Summ           7%         N/A       100%        8


Dungeon Overview and Level Annotations

Branches:
Dungeon (12/15)            Temple (1/1) D:6            Lair (0/5) D:11
    Orc (0/2) D:9

Altars:
Ashenzari
Cheibriados
Dithmenos
Elyvilon
Fedhas
Gozag
Hepliaklqana
Kikubaaqudgha
Makhleb
Nemelex Xobeh
Okawaru
Qazlal
Ru
Sif Muna
Trog
Uskayaw
Vehumet
Wu Jian
Xom
Yredelemnul
Zin
The Shining One

Shops:
D:2 !   D:3 *:   D:4 *   D:8 (

Annotations:
D:8 2 transporters, thirtiethelement's ghost, novice DsHu


Innate Abilities, Weirdness & Mutations

You are very small and have problems with some larger weapons.
You are too small for most types of armour.
You have supernaturally acute eyesight. (SInv)
You cover ground extremely quickly. (Speed+++)


Message History

Okay, then.
Casting: Ensorcelled Hibernation (safe; 1% risk of failure)
Confirm with . or Enter, or press ? or * to list all spells.
Aiming: Ensorcelled Hibernation (safe; 1% risk of failure)
Press: ? - help, Shift-Dir - straight line, f/p - troll
Aim: a troll (chance to affect: 68%)
The troll struggles to resist.
Casting: Ensorcelled Hibernation (safe; 1% risk of failure)
Confirm with . or Enter, or press ? or * to list all spells.
Okay, then.
Casting: Ensorcelled Hibernation (safe; 1% risk of failure)
Confirm with . or Enter, or press ? or * to list all spells.
Aiming: Ensorcelled Hibernation (safe; 1% risk of failure)
Press: ? - help, Shift-Dir - straight line, f/p - troll
Aim: a troll (chance to affect: 68%)
The troll looks drowsy...
The troll shouts!
The troll closely misses you. The troll completely misses you. x2
Casting: Ensorcelled Hibernation (safe; 1% risk of failure)
Confirm with . or Enter, or press ? or * to list all spells.
Your hands begin to glow red.
You hit the troll but do no damage. The troll completely misses you.
The troll closely misses you. The troll barely misses you.
You hit the troll but do no damage.
The troll appears confused.
You catch the helpless troll completely off-guard!
You impale the troll!! You freeze the troll.
The troll is severely wounded.
The troll cries.
The troll bites you!
* * * LOW HITPOINT WARNING * * *
The troll completely misses you. x2
You hit the troll. You freeze the troll.
The troll is severely wounded.
You hit the troll. You freeze the troll.
The troll is almost dead.
The troll bites you.
* * * LOW HITPOINT WARNING * * *
The troll claws you!
You die...
Your body glows with a rainbow of weird colours and disappears.

## .#################
.................#
.................#
.................#
......^..........#
.................########
................@.......#
.............####T...####
+####........# #....#
....'........# #....#
....#[.......# #....#
....#.†.###### #$...#
....#...# #....#
..#+#...# #....#
..#.....# #....#


You could see a troll (confused).

Vanquished Creatures
  Harold (D:11)
  3 two-headed ogres
  2 death yaks
  A boulder beetle (D:11)
  Sonja (D:11)
  A deep elf zephyrmancer (D:11)
  2 deep elf pyromancers
  3 ugly things
  A manticore (D:12)
  2 cyclopes
  A torpor snail (D:11)
  Psyche (D:11)
  Maggie (D:7)
  A gargoyle (D:12)
  2 komodo dragons
  3 trolls
  A hornet (D:7)
  Sigmund (D:2)
  4 slime creatures (D:12)
  A shadow (D:11)
  A wyvern (D:10)
  2 wraiths
  2 vampires
  23 yaks
  2 steam dragons (D:7)
  8 vampire mosquitoes
  A basilisk (D:11)
  Edmund (D:6)
  3 water moccasins
  Duvessa (D:4)
  7 orc warriors
  2 ice beasts (D:6)
  3 black bears
  2 centaurs
  2 kobold brigands
  4 bullfrogs
  A gnoll sergeant (D:9)
  A wight (D:7)
  Dowan (D:4)
  3 killer bees (D:9)
  11 howler monkeys
  6 hounds
  Crazy Yiuf (D:4)
  2 gnoll boudas
  4 jellies
  4 orc priests
  9 sleepcaps
  3 iguanas
  12 orc wizards
  14 gnolls
  3 adders
  3 shadow imps
  An ufetubus (D:4)
  A worm (D:2)
  2 dart slugs
  19 orcs
  6 bats
  2 bat zombies (D:5)
  6 endoplasms
  3 giant cockroaches
  6 goblins
  14 hobgoblins
  2 jackals (D:2)
  9 kobolds
  3 quokkas
  7 ball pythons
  4 frilled lizards
  5 rats
  2 rat zombies (D:5)
267 creatures vanquished.

Vanquished Creatures (collateral kills)
  Gastronok (D:11)
  A two-headed ogre (D:11)
  An orc warrior (D:7)
  A gnoll sergeant (D:12)
  8 wights
  A howler monkey (D:8)
  2 gnolls (D:12)
15 creatures vanquished.

Vanquished Creatures (others)
  5 dancing weapons
5 creatures vanquished.

Grand Total: 287 creatures vanquished

Notes
Turn   | Place    | Note
-------+----------+-------------------------------------------
     0 | D:1      | greenreed the Spriggan Enchanter began the quest for the
                  | Orb.
     0 | D:1      | Reached XP level 1. HP: 9/9 MP: 5/5
    89 | D:1      | Reached XP level 2. HP: 9/13 MP: 6/6
    92 | D:1      | Learned a level 2 spell: Ensorcelled Hibernation
   109 | D:1      | Found a faded altar of an unknown god.
   628 | D:1      | Reached XP level 3. HP: 16/16 MP: 8/8
   720 | D:2      | Found Viux's Distillery.
   728 | D:2      | Bought a potion of degeneration for 11 gold pieces
   898 | D:2      | Noticed Sigmund
  1548 | D:2      | Learned a level 3 spell: Confusing Touch
  1746 | D:2      | Killed Sigmund
  1747 | D:2      | Reached skill level 5 in Hexes
  1747 | D:2      | Reached XP level 4. HP: 21/21 MP: 7/11
  1747 | D:2      | Reached XP level 5. HP: 24/24 MP: 7/12
  1859 | D:3      | Found Yjoheal's Book Emporium.
  1911 | D:3      | Found Dutecrui's Assorted Antiques.
  2575 | D:3      | You fall into a shaft and drop 1 floor!
  2707 | D:4      | Found an iron altar of Okawaru.
  2709 | D:4      | Found a basalt altar of Yredelemnul.
  2709 | D:4      | Found a shimmering altar of Xom.
  2834 | D:4      | Reached XP level 6. HP: 28/28 MP: 10/13
  3034 | D:4      | Found Ubreig's General Store.
  3045 | D:4      | Reached skill level 5 in Spellcasting
  3348 | D:4      | Noticed Duvessa
  3351 | D:4      | Noticed Dowan
  3406 | D:4      | Killed Duvessa
  3407 | D:4      | Reached XP level 7. HP: 21/32 MP: 12/16
  3408 | D:4      | Killed Dowan
  3546 | D:4      | Found a shadowy altar of Dithmenos.
  3546 | D:4      | Found a blossoming altar of Fedhas.
  3546 | D:4      | Found a sparkling altar of Nemelex Xobeh.
  3646 | D:4      | Found a runed translucent door.
  3647 | D:4      | Noticed Crazy Yiuf
  3654 | D:4      | Killed Crazy Yiuf
  3676 | D:5      | Entered Level 5 of the Dungeon
  4177 | D:5      | Found a sacrificial altar of Ru.
  4177 | D:5      | Found a shadowy altar of Dithmenos.
  4177 | D:5      | Found a bloodstained altar of Trog.
  4177 | D:5      | Found a stormy altar of Qazlal.
  4183 | D:5      | Found a sparkling altar of Nemelex Xobeh.
  4186 | D:5      | Found a snail-covered altar of Cheibriados.
  4205 | D:5      | Became a worshipper of Nemelex Xobeh the Trickster
  4287 | D:5      | Reached skill level 5 in Dodging
  4341 | D:5      | Reached skill level 5 in Short Blades
  4492 | D:5      | Learned a level 3 spell: Tukima's Dance
  4668 | D:5      | Reached skill level 1 in Invocations
  4830 | D:5      | Found a blossoming altar of Fedhas.
  4905 | D:5      | Reached XP level 8. HP: 36/36 MP: 18/18
  4939 | D:5      | Found an ancient bone altar of Kikubaaqudgha.
  5001 | D:6      | Noticed Edmund
  5008 | D:6      | Killed Edmund
  5747 | D:6      | Found a staircase to the Ecumenical Temple.
  5918 | Temple   | Entered the Ecumenical Temple
  6025 | D:7      | Noticed Maggie
  6037 | D:7      | Killed Maggie
  6038 | D:7      | Reached XP level 9. HP: 39/39 MP: 21/21
  6330 | D:7      | Reached * piety under Nemelex Xobeh
  6586 | D:7      | Received a gift from Nemelex Xobeh
  7573 | D:8      | Found Ugoamoev's Weapon Shop.
  7632 | D:8      | Reached XP level 10. HP: 44/44 MP: 22/24
  7780 | D:8      | Found a broken altar of Ashenzari.
  7785 | D:8      | Received a gift from Nemelex Xobeh
  7792 | D:8      | Reached ** piety under Nemelex Xobeh
  7929 | D:8      | Found a transporter.
  7976 | D:8      | Found a transporter.
  7981 | D:8      | Noticed thirtiethelement's ghost (novice DsHu)
  8099 | D:8      | Reached skill level 10 in Hexes
  8379 | D:9      | Learned a level 3 spell: Dazzling Flash
  8531 | D:9      | Reached skill level 10 in Spellcasting
  8903 | D:9      | Received a gift from Nemelex Xobeh
  9014 | D:9      | Reached *** piety under Nemelex Xobeh
  9067 | D:9      | Noticed a two-headed ogre
  9071 | D:9      | Killed a two-headed ogre
  9149 | D:9      | Found a staircase to the Orcish Mines.
  9194 | D:10     | Entered Level 10 of the Dungeon
 10208 | D:11     | Reached XP level 11. HP: 47/47 MP: 17/26
 10235 | D:11     | Noticed a death yak
 10236 | D:11     | Found a staircase to the Lair.
 10236 | D:11     | Noticed a death yak
 10243 | D:11     | Noticed Psyche
 10260 | D:11     | Reached skill level 5 in Invocations
 10310 | D:11     | Noticed a death yak
 10471 | D:11     | Noticed Sonja
 10475 | D:11     | Noticed Gastronok
 10845 | D:11     | Reached skill level 10 in Short Blades
 10945 | D:11     | Reached **** piety under Nemelex Xobeh
 11237 | D:11     | Noticed a brown ugly thing
 11238 | D:11     | Noticed Harold
 11248 | D:11     | Killed a brown ugly thing
 11256 | D:11     | Noticed a two-headed ogre
 11269 | D:11     | Noticed a deep elf zephyrmancer
 11287 | D:11     | Killed a two-headed ogre
 11290 | D:11     | Killed a deep elf zephyrmancer
 11316 | D:11     | Noticed a two-headed ogre
 11373 | D:11     | Killed Psyche
 11415 | D:10     | Learned a level 4 spell: Anguish
 11842 | D:10     | Killed a death yak
 11927 | D:11     | Killed a two-headed ogre
 12023 | D:11     | a death yak changed into a torpor snail
 12548 | D:3      | Bought a glowing demon blade for 468 gold pieces
 12833 | D:11     | Killed Harold
 12927 | D:11     | Killed Sonja
 12928 | D:11     | Reached XP level 12. HP: 39/49 MP: 29/29
 13013 | D:11     | Noticed a boulder beetle
 13031 | D:11     | Reached skill level 10 in Dodging
 13041 | D:11     | Killed a boulder beetle
 13192 | D:11     | Identified the +0 robe of Demons {Dex-5 Slay+5}
 13574 | D:11     | Killed Gastronok
 13886 | D:11     | Killed a death yak
 13982 | D:12     | Noticed a two-headed ogre
 13993 | D:12     | Killed a two-headed ogre
 15039 | D:12     | Slain by a troll

Illustrated notes

Levels and vault maps discovered:
D:1:      scummos_arrival_star, layout_basic, dreamdust_ecumenical_altar_grove
D:2:      minmay_general_purpose_star, layout_basic, serial_shops, shop,
          chequers_serial_rivers_micro_d, uniq_sigmund
D:3:      layout_loops_corners, serial_shops, shop, nicolae_shop_stone
D:4:      layout_rooms, doesnt_xom_only_xom, serial_shops, shop, serial_curves,
          eino_curves_01, eino_curves_02, hellmonk_no_cap,
          uniq_crazy_yiuf_cottage, uniq_duvessa
D:5:      layout_loops_ring, lemuel_zombie_altar_kikubaaqudgha,
          minmay_overflow_temple_hex, kennysheep_mini
D:6:      layout_basic, minmay_temple_entry_water_ring, uniq_edmund
D:7:      layout_loops_corners, minmay_joined_circles, uniq_maggie
D:8:      layout_cave_pods, evilmike_ruin_ashenzari, serial_shops,
          nicolae_shop_waterfront, gammafunk_ghost_arena, nrook_loot_triangle,
          nicolae_letterblocks [nicolae_letter_subblock,
          nicolae_letter_subblock, nicolae_letter_subblock,
          nicolae_letter_subblock, nicolae_letter_subblock,
          nicolae_letter_subblock, nicolae_letter_subblock,
          nicolae_letter_subblock, nicolae_letter_subblock,
          nicolae_letter_subblock, nicolae_letter_subblock,
          nicolae_letter_subblock, nicolae_letter_subblock,
          nicolae_letter_subblock, nicolae_letter_subblock,
          nicolae_letter_subblock, nicolae_letter_subblock,
          nicolae_letter_subblock, nicolae_letter_subblock,
          nicolae_letter_subblock, nicolae_letter_subblock,
          nicolae_letter_subblock, nicolae_letter_subblock,
          nicolae_letter_subblock, nicolae_letter_subblock]
D:9:      layout_gridville, orc_0_dummy
D:10:     layout_basic, solitary_fountain
D:11:     wad_statue_garden, layout_long_grid, dpeg_lair_monsters, uniq_sonja,
          uniq_psyche, uniq_harold, uniq_gastronok
D:12:     layout_irregular_city
Temple:   nicolae_temple_bog_church

Skill      XL: |  1  2  3  4  5  6  7  8  9 10 11 12 |
---------------+-------------------------------------+-----
Spellcasting   | 3 4 5 6 7 9 10 12 13 | 13.3
Dodging        | 3 4 5 6 7 8 9 10 | 10.7
Hexes          | 4 5 6 8 9 10 12 13 | 13.4
Short Blades   | 3 4 5 6 8 9 11 12 | 12.0
Invocations    | 1 2 3 4 6 |  6.8
Stealth        | |  4.5

Action                     |  1- 3 |  4- 6 |  7- 9 | 10-12 || total
---------------------------+-------+-------+-------+-------++-------
  Melee: Dagger            |   110 |   107 |   260 |   102 ||   579
         Punch             |     1 |     1 |     1 |     9 ||    12
         Short sword       |       |       |       |   357 ||   357
         Demon blade       |       |       |       |    30 ||    30
   Cast: Ensorcelled Hiber |    16 |    10 |    83 |   131 ||   240
         Confusing Touch   |       |     3 |    11 |    26 ||    40
         Tukima's Dance    |       |       |     5 |    31 ||    36
         Dazzling Flash    |       |       |       |    34 ||    34
         Anguish           |       |       |       |     1 ||     1
 Invoke: Draw Destruction  |       |       |     1 |     2 ||     3
         Draw Summoning    |       |       |       |     1 ||     1
  Evoke: Wand              |       |       |       |     4 ||     4
   Stab: Sleeping          |    15 |    15 |    49 |    63 ||   142
         Confused          |       |     3 |     8 |    26 ||    37
         Distracted        |       |       |       |     1 ||     1
         Invisible         |       |       |       |    14 ||    14
 Armour: Robe              |    32 |    28 |    39 |    10 ||   109
         Steam dragon scal |       |       |    39 |    92 ||   131
  Dodge: Dodged            |    71 |    78 |   184 |   328 ||   661

Table legend: (Time is in decaauts)
 A = Elapsed time spent in this place.
 B = Non-inter-level travel time spent in this place.
 C = Inter-level travel time spent in this place.
 D = Time resting spent in this place.
 E = Time spent auto-exploring this place.
 F = Levels seen in this place.
 G = Mean time per level.
                   A        B        C        D        E       F      G
               +--------+--------+--------+--------+--------+-----+--------+
         Total |  10783 |  10104 |    679 |   1482 |   5955 |  13 |  829.5 |
       Dungeon |  10782 |  10103 |    679 |   1482 |   5955 |  12 |  898.5 |
        Temple |      1 |      1 |      0 |      0 |      0 |   1 |    1.0 |
               +--------+--------+--------+--------+--------+-----+--------+

Top non-repeatable levels by time:
    D:11: 1857 daAuts
    D:10: 1412 daAuts
     D:7: 1081 daAuts
     D:4: 921 daAuts
     D:6: 861 daAuts
     D:5: 758 daAuts
    D:12: 755 daAuts
     D:2: 726 daAuts
     D:3: 617 daAuts
     D:1: 614 daAuts
     D:9: 590 daAuts
     D:8: 584 daAuts
  Temple: 1 daAuts
